[Event "Rapid della Domenica"]
[Site "Chess.com"]
[Date "2020.06.07"]
[Round "1"]
[White "mr6701"]
[Black "ferrariand"]
[Result "1-0"]
[WhiteElo "1771"]
[BlackElo "1520"]
[TimeControl "720+3"]
[EndTime "6:05:55 PDT"]
[Termination "mr6701 ha vinto per scaccomatto"]

1. e4 e5 2. d4 exd4 3. c3 dxc3 4. Nxc3 Nc6 5. Nf3 Bb4 6. Bc4 Nf6 7.
O-O O-O 8. Bg5 h6 9. Bh4 d6 10. Nd5 g5 11. Nxg5 hxg5 12. Bxg5 Be6 13. Nxf6+ Qxf6 14. Bxf6 Bxc4 15. Qg4+ Kh7 16. Qg7# 1-0

[Event "Rapid della Domenica"]
[Site "Chess.com"]
[Date "2020.06.07"]
[Round "1"]
[White "crippo"]
[Black "Carbon"]
[Result "1-0"]
[WhiteElo "1567"]
[BlackElo "1750"]
[TimeControl "720+3"]
[EndTime "6:18:48 PDT"]
[Termination "crippo ha vinto per abbandono"]

1. e4 c5 2. Nc3 g6 3. Nf3 Bg7 4. Bc4 Nc6 5. a4 d6 6. d3 Nf6 7. h3 O-O 8. Bg5 a6 9. Qd2 Rb8 10. O-O Bd7 11. Bh6 Na5 12. Ba2 b5 13. axb5 axb5 14. Bxg7 Kxg7 15. Nd5 Ne8 16. Ng5 Nc6 17. f4 e6 18. Ne3 h6 19. Nf3 f5 20. Qc3+ Kh7 21. exf5 exf5 22. Rae1 Nf6 23. Nd5 Nxd5 24. Bxd5 b4 25. Qd2 Qf6 26. b3 Rbe8 27.
Rxe8 Rxe8 28. Re1 Nd4 29. Nxd4 Qxd4+ 30. Kh2 Qxd5 31. Rxe8 Bxe8 32. Qe3 Qf7 33. d4 cxd4 34. Qxd4 Qe6 35. Qxb4 Bf7 36. Qb7 Kg7 37. Qc7 d5 38.
b4 d4 39. b5 Qc4 40. Qe5+ Kh7 41. b6 Qd5 42. Qe7 Qe6 43. Qxe6 Bxe6 44. b7 1-0

[Event "Rapid della Domenica"]
[Site "Chess.com"]
[Date "2020.06.07"]
[Round "1"]
[White "sirmale49"]
[Black "pedrak"]
[Result "0-1"]
[WhiteElo "1369"]
[BlackElo "1710"]
[TimeControl "720+3"]
[EndTime "6:26:27 PDT"]
[Termination "pedrak ha vinto per tempo"]

1. f4 b6 2. Nf3 Bb7 3. e3 e6 4. g3 d6 5. Bg2 Nd7 6. O-O g6 7. Nc3 Bg7 8. d4 Ne7 9. b3 O-O 10. Bb2 a6 11. e4 h6 12. Re1 Kh7 13.
e5 Bxf3 14. Bxf3 d5 15. g4 c5 16. Ne2 cxd4 17. Nxd4 Qc7 18. Rc1 Rac8 19. c4 dxc4 20.
Rxc4 Qb8 21. Ba3 Nc5 22. Bxc5 bxc5 23. Nc2 Rfd8 24. Qc1 Nd5 25. Ne3 Nxe3 26. Rxe3 Rd4 27. Rec3 Rxc4 28. Rxc4 Qb6 29. Qe3 a5 30. Be4 Bf8 31.
f5 Qd8 32. fxg6+ fxg6 33. Qf3 Bg7 34. Bd3 Qg5 35. h3 Rf8 36. Qe4 h5 37. h4 Qxg4+ 38.
Qxg4 hxg4 39. Rxg4 Bxe5 40. h5 Bd4+ 41. Kh2 Rf6 42. hxg6+ Kg7 43. Rh4 Rf2+ 44. Kg3 Rf6 45. Rh7+ Kg8 46. Ra7 Bc3 47. Ra8+ Kg7 48. Rxa5 Bxa5 0-1

[Event "Rapid della Domenica"]
[Site "Chess.com"]
[Date "2020.06.07"]
[Round "1"]
[White "APipitone"]
[Black "SanSecondoPR"]
[Result "1-0"]
[WhiteElo "1673"]
[BlackElo "1354"]
[TimeControl "720+3"]
[EndTime "6:26:28 PDT"]
[Termination "APipitone ha vinto per abbandono"]

1. e4 e5 2. Nf3 Nc6 3. Bb5 Nge7 4.
O-O g6 5. c3 Bg7 6. d4 O-O 7. d5 Nb8 8. Bg5 f6 9. Be3 d6 10. Nbd2 c6 11. Ba4 b5 12. Bc2 c5 13.
Re1 Bg4 14. h3 Bxf3 15. Nxf3 f5 16. Bg5 Bf6 17. Qd2 f4 18. Bxf6 Rxf6 19. Ng5 Qe8 20. Qe2 Qf8 21. Qg4 Qh6 22. a4 b4 23. cxb4 Qh5 24. Ne6 Qxg4 25. hxg4 Nd7 26. g5 Rf7 27. bxc5 Nxc5 28. Nxc5 dxc5 29. d6 Nc6 30. Bb3 Nd4 31.
Bxf7+ Kxf7 32. Rac1 Rc8 33. Kf1 Ke6 34. b4 c4 35. Rc3 Nb3 36. Rd1 Nd4 37. Rdc1 Nb3 38. R1c2 Nd4 39. Rxc4 Rd8 40. R2c3 Rxd6 41. Rc7 f3 42.
gxf3 Nxf3 43. R3c6 Nd2+ 44. Ke2 Nxe4 45. Rxd6+ Kxd6 46. Rxa7 Nxg5 47. a5 Kc6 48. Re7 e4 49. a6 Nf3 50. a7 Nd4+ 51. Kd1 Kd6 52. a8=Q 1-0

[Event "Rapid della Domenica"]
[Site "Chess.com"]
[Date "2020.06.07"]
[Round "2"]
[White "ferrariand"]
[Black "crippo"]
[Result "0-1"]
[WhiteElo "1512"]
[BlackElo "1575"]
[TimeControl "720+3"]
[EndTime "6:36:57 PDT"]
[Termination "crippo ha vinto per abbandono"]

1. e4 e5 2. Nf3 Nc6 3. Bb5 d6 4.
c3 Be7 5. h3 Nf6 6. d3 O-O 7.
O-O h6 8. Re1 Nh7 9. d4 exd4 10.
cxd4 Ng5 11. Nc3 Nxf3+ 12. Qxf3 Nxd4 13. Qd3 Nxb5 14. Qxb5 c6 15. Qd3 Be6 16. Bf4 Qd7 17. Rad1 Rfd8 18. a3 b5 19. Qg3 Kh7 20. e5 d5 21. b4 a5 22. Ne4 axb4 23. axb4 Bxb4 24. Re2 Ra3 25. Qh4 Be7 26. Ng5+ Bxg5 27. Bxg5 Ra4 28.
Qh5 Bf5 29. Bxd8 Bg6 30. Qf3 Qxd8 31. e6 fxe6 32. Rxe6 Rc4 33. Qg3 Qg5 34. Qxg5 hxg5 35. Re7 b4 36. Rc7 b3 37. Rxd5 b2 38. Rd1 Rc1 0-1

[Event "Rapid della Domenica"]
[Site "Chess.com"]
[Date "2020.06.07"]
[Round "2"]
[White "APipitone"]
[Black "mr6701"]
[Result "0-1"]
[WhiteElo "1666"]
[BlackElo "1787"]
[TimeControl "720+3"]
[EndTime "6:39:00 PDT"]
[Termination "mr6701 ha vinto per abbandono"]

1. e4 d5 2. exd5 Nf6 3. Nf3 Nxd5 4. d4 g6 5. Bd3 Bg7 6. O-O O-O 7. Nbd2 Nb4 8. Be2 Bf5 9. c4 Nc2 10. Nh4 Nxa1 11. Nxf5 gxf5 12. Nf3 c5 13. Be3 cxd4 14. Nxd4 e5 15. Nxf5 Qxd1 16. Bxd1 Nd7 17. Ba4 Nb6 18. Bxb6 axb6 19. Nxg7 Kxg7 20. Rxa1 Rxa4 21. b3 Ra5 22. b4 Ra4 23. a3 Rfa8 24. Rd1 Rxa3 25. Rd7 Ra1+ 0-1

[Event "Rapid della Domenica"]
[Site "Chess.com"]
[Date "2020.06.07"]
[Round "2"]
[White "pedrak"]
[Black "fausto2p"]
[Result "1-0"]
[WhiteElo "1711"]
[BlackElo "1222"]
[TimeControl "720+3"]
[EndTime "6:41:40 PDT"]
[Termination "pedrak ha vinto per abbandono"]

1. d4 d5 2. Nf3 Nf6 3. Bf4 e6 4. e3 c5 5. c3 Nc6 6. Bd3 Qb6 7. Qb3 Qxb3 8. axb3 cxd4 9. exd4 Be7 10. Nbd2 O-O 11.
O-O a6 12. b4 b5 13. Bxb5 Bd7 14.
Bxa6 h6 15. Ne5 Nxe5 16. Bxe5 Ng4 17. Bg3 Bg5 18. Nb3 Be7 19. Nc5 Bxc5 20. bxc5 Bc6 21. b4 Rfb8 22. Bxb8 Rxb8 23. Be2 Nf6 24. Rfb1 Ne4 25.
Ra3 Nd2 26. Rb2 Nc4 27. Bxc4 dxc4 28. Ra5 Bb5 29. Rba2 Kh7 30. Ra7 Kg6 31. Rc7 f6 32.
Raa7 Rg8 33. Rab7 Ba6 34. Rb6 Bc8 35. Rb8 Kh7 36. Rcxc8 1-0

[Event "Rapid della Domenica"]
[Site "Chess.com"]
[Date "2020.06.07"]
[Round "2"]
[White "Carbon"]
[Black "sirmale49"]
[Result "0-1"]
[WhiteElo "1733"]
[BlackElo "1383"]
[TimeControl "720+3"]
[EndTime "6:42:23 PDT"]
[Termination "sirmale49 ha vinto per tempo"]

1. e4 e5 2. Nf3 Nc6 3. Bc4 Bc5 4.
c3 Nf6 5. d4 Bb6 6. dxe5 Ng4 7.
O-O Ngxe5 8. Bd5 d6 9. h3 O-O 10. Kh1 Be6 11. Nxe5 Nxe5 12. Bxb7 Rb8 13. Ba6 f5 14. f4 Nc4 0-1

[Event "Rapid della Domenica"]
[Site "Chess.com"]
[Date "2020.06.07"]
[Round "3"]
[White "SanSecondoPR"]
[Black "ferrariand"]
[Result "1-0"]
[WhiteElo "1365"]
[BlackElo "1499"]
[TimeControl "720+3"]
[EndTime "7:03:03 PDT"]
[Termination "SanSecondoPR ha vinto per abbandono"]

1. e4 e5 2. d4 exd4 3. c3 dxc3 4. Bc4 cxb2 5. Bxb2 Nf6 6. Nd2 d5 7. Bb3 dxe4 8. Ne2 Bb4 9. Bxf7+ Kxf7 10. Qb3+ Nd5 11.
O-O Bxd2 12. Rfd1 Be6 13. Rxd2 Qg5 14. Bc1 e3 15. f4 Qg4 16. Rc2 Nc6 17. Qxb7 Qh4 18.
Bxe3 Nxe3 19. Qxc7+ Kg6 20. f5+ Bxf5 21. Rxc6+ Kh5 22.
Nf4+ Kg4 23. h3+ Kg5 24. Ne6+ Bxe6 25. Rxe6 Qd4 26. Re5+ Nf5+ 27. Kh2 Qf4+ 28. Kg1 Qd4+ 29. Kh1 Qxa1+ 30. Kh2 Qd4 31. Qxg7+ Kf4 32. Rxf5+ Kxf5 33. Qxd4 Rhg8 34. g4+ Ke6 35. h4 Rad8 36. Qc4+ Ke7 37.
g5 Rgf8 38. Kg3 Rc8 39. Qb4+ Kd7 40. Kg4 Rc6 41. Qxf8 1-0

[Event "Rapid della Domenica"]
[Site "Chess.com"]
[Date "2020.06.07"]
[Round "3"]
[White "mr6701"]
[Black "crippo"]
[Result "1-0"]
[WhiteElo "1797"]
[BlackElo "1571"]
[TimeControl "720+3"]
[EndTime "7:05:15 PDT"]
[Termination "mr6701 ha vinto per abbandono"]

1. e4 e5 2. d4 exd4 3. c3 d3 4.
Bxd3 d6 5. Nf3 Be7 6. Bc4 Nf6 7. Nbd2 O-O 8. O-O Bg4 9. h3 Bh5 10. Qc2 Bg6 11. Bd3 Nc6 12. Nb3 Bh5 13. Nfd4 Nd7 14. f4 Nxd4 15. cxd4 f6 16. e5 fxe5 17. Bxh7+ Kh8 18.
g4 Bf7 19. fxe5 dxe5 20. Bg6 Bxb3 21. Rxf8+ Qxf8 22. Qxb3 exd4 23. Bf5 Nc5 24. Qg3 c6 25. Bf4 Qf6 26. Be5 Qh4 27. Qxh4+ Bxh4 28. Bxd4 b6 29. b4 Na6 30. a3 Rd8 31. Bc3 Nc7 32. Be1 Bxe1 33. Rxe1 Nd5 34. Re6 Nf4 35. Re7 g6 36. Be4 c5 37. bxc5 bxc5 38. Rxa7 Re8 39. Bc6 Re6 40. Bb5 Nxh3+ 41. Kh2 Ng5 42. Rc7 Re5 43. a4 Ne6 44. Re7 g5 45. Bd7 Re2+ 46.
Kg1 Re4 47. Rxe6 Rxg4+ 48. Kf2 Rb4 49. Re5 Rb7 50. Bb5 Rf7+ 51. Kg3 c4 52. Bxc4 Rf4 53. Bb5 Rb4 54. Rxg5 Kh7 55. Rg4 Rb3+ 56. Kf4 Ra3 57. Ke5 Kh6 58. Rg1 Ra2 59. Kd4 Kh7 60. Kc5 Ra3 1-0

[Event "Rapid della Domenica"]
[Site "Chess.com"]
[Date "2020.06.07"]
[Round "3"]
[White "pedrak"]
[Black "APipitone"]
[Result "1-0"]
[WhiteElo "1718"]
[BlackElo "1658"]
[TimeControl "720+3"]
[EndTime "7:06:56 PDT"]
[Termination "pedrak ha vinto per tempo"]

1. d4 Nf6 2. Nf3 d5 3. Bf4 Nc6 4. c3 g6 5. h3 Bg7 6. e3 O-O 7.
Ne5 Nxe5 8. Bxe5 Be6 9. Nd2 c6 10. Be2 Nd7 11. Bxg7 Kxg7 12. O-O Nf6 13. Bf3 Qd7 14. Kh2 Bf5 15. Qe2 Rfe8 16. Rfe1 e5 17. dxe5 Rxe5 18. Nb3 Rae8 19. Rad1 Qd6 20. Kg1 b5 21. Nd4 Bd7 22. b4 Rg5 23. Kh1 Ne4 24. Bxe4 Rxe4 25. Nf3 Rh5 26. Ng1 Reh4 27. Rd4 Rxd4 28.
exd4 Qf4 29. Qe3 Qf5 30. Qe5+ Qxe5 31. dxe5 Be6 32. f4 Rf5 33. g3 h5 34. h4 f6 35.
exf6+ Kxf6 36. Nf3 a6 37. Nd4 1-0

[Event "Rapid della Domenica"]
[Site "Chess.com"]
[Date "2020.06.07"]
[Round "3"]
[White "fausto2p"]
[Black "sirmale49"]
[Result "1-0"]
[WhiteElo "1234"]
[BlackElo "1372"]
[TimeControl "720+3"]
[EndTime "7:12:22 PDT"]
[Termination "fausto2p ha vinto per abbandono"]

1. d4 Nc6 2. c4 e5 3. dxe5 Bb4+ 4. Bd2 Qe7 5. Nf3 d6 6. Bxb4 Nxb4 7. Qa4+ Nc6 8. exd6 Qxd6 9. e3 Bd7 10. Qc2 O-O-O 11. Nc3 Be6 12. Rd1 Qe7 13. Rxd8+ Kxd8 14. a3 Nf6 15.
Be2 Bg4 16. O-O Kc8 17. h3 Bh5 18. Qf5+ Qe6 19. Qxe6+ fxe6 20. Rd1 Rd8 21. Rxd8+ Kxd8 22. b4 Ne7 23. g4 Bg6 24. Ng5 Kd7 25. c5 h6 26. Nf3 c6 27. Ne5+ Kc7 28. Nxg6 Nxg6 29. Bc4 Kd7 30. f4 Ne7 31. Kf2 Nfd5 32. Nxd5 Nxd5 33.
Kf3 Nc3 34. Bd3 b6 35. cxb6 axb6 36. e4 Kd6 37. f5 exf5 38. gxf5 Ke5 39. h4 Na4 40. Ba6 c5 41. bxc5 Nxc5 42. Bc4 Nd7 43. Bd5 Nf6 44. a4 Nxd5 45. exd5 Kxd5 46. Kg4 Kd6 47. Kh5 Ke7 48. Kg6 Kf8 49. h5 Kg8 50.
f6 gxf6 51. Kxf6 Kh7 52. Ke6 Kg7 53. Kd6 Kf7 54. Kc6 Ke8 55. Kxb6 Kd8 56. Kb7 Kd7 57. a5 Ke6 58. a6 Kf5 59. a7 Kg5 60. a8=Q Kxh5 61.
Qh8 Kg5 62. Kc6 h5 63. Kd5 Kg4 64. Ke4 h4 65. Qg7+ Kh3 66. Kf3 1-0

[Event "Rapid della Domenica"]
[Site "Chess.com"]
[Date "2020.06.07"]
[Round "4"]
[White "APipitone"]
[Black "fausto2p"]
[Result "0-1"]
[WhiteElo "1641"]
[BlackElo "1249"]
[TimeControl "720+3"]
[EndTime "7:18:08 PDT"]
[Termination "fausto2p ha vinto per abbandono"]

1. e4 e6 2. d4 d5 3. Nc3 c5 4. exd5 exd5 5. Nf3 cxd4 6. Nxd4 Nf6 7. Bd3 Bd6 8. O-O O-O 9. Bg5 Nbd7 10. Nxd5 Qa5 11.
Nxf6+ Nxf6 12. Bxf6 gxf6 13. Qf3 Qe5 14. Qh3 Bxh3 0-1

[Event "Rapid della Domenica"]
[Site "Chess.com"]
[Date "2020.06.07"]
[Round "4"]
[White "crippo"]
[Black "SanSecondoPR"]
[Result "1-0"]
[WhiteElo "1575"]
[BlackElo "1361"]
[TimeControl "720+3"]
[EndTime "7:24:01 PDT"]
[Termination "crippo ha vinto per abbandono"]

1. e4 e5 2. Nc3 Nc6 3. d3 g6 4.
Be3 Bg7 5. Be2 Nge7 6. h4 d5 7. exd5 Nxd5 8. Nxd5 Qxd5 9. Bf3 Qb5 10. Ne2 Nd4 11.
Bxd4 exd4 12. O-O h5 13. b3 Bg4 14. Nf4 O-O-O 15. Bxg4+ hxg4 16. Qxg4+ Kb8 17. a4 Qf5 18. Qxf5 gxf5 19. g3 Bh6 20. Nh3 Bd2 21. Rad1 Bc3 22. Kg2 Rdg8 23. Kf3 Rg4 24. Nf4 Bb4 25. Nd5 Bd6 26.
Rfe1 Rd8 27. Nf6 Rg6 28. Ne8 Bb4 29. Re2 Rg8 30. Nf6 Rg6 31. Nh5 a5 32. Nf4 Rg4 33. Re5 Be1 34. Rxf5 1-0

[Event "Rapid della Domenica"]
[Site "Chess.com"]
[Date "2020.06.07"]
[Round "4"]
[White "mr6701"]
[Black "pedrak"]
[Result "1-0"]
[WhiteElo "1813"]
[BlackElo "1712"]
[TimeControl "720+3"]
[EndTime "7:41:34 PDT"]
[Termination "mr6701 ha vinto per abbandono"]

1. e4 e6 2. d4 d5 3. Nc3 dxe4 4. Nxe4 Bd7 5. Nf3 Bc6 6. Bd3 Bxe4 7. Bxe4 c6 8. O-O Nf6 9. Bd3 Be7 10. c3 Nbd7 11.
Qc2 Qc7 12. Bg5 h6 13. Bh4 Bd6 14. Rae1 O-O-O 15. c4 g5 16. Bg3 Bxg3 17. hxg3 Kb8 18. b4 Rdg8 19. a4 h5 20. b5 h4 21. bxc6 Qxc6 22.
Be4 Nxe4 23. Qxe4 Qxe4 24. Rxe4 h3 25. gxh3 Rxh3 26. Kg2 Rh5 27. g4 Rh6 28. Ne5 Nxe5 29. Rxe5 Rgh8 30. Rxg5 Rh2+ 31. Kf3 R8h3+ 32. Ke4 Rc3 33.
c5 Rc2 34. Ke3 Rh3+ 35. Kf4 Rcc3 36. f3 Rc4 37. Ke4 Rh2 38. Re1 Rd2 39. Ke5 Rdxd4 40.
Kf6 Rf4+ 41. Ke7 Rxf3 42. Rd1 Kc7 43. Rd7+ Kc6 44. Rd6+ Kc7 45. a5 b6 46. axb6+ axb6 47.
cxb6+ Kb7 48. Ra5 Rc8 49. Ra7+ Kb8 50. Rdd7 Rg8 51. g5 Rf1 52. Rac7 Rb1 53. Kxf7 Rh8 54.
g6 Rf1+ 55. Kxe6 Re8+ 56. Re7 Rg8 57. g7 Rb1 58. b7 Rg1 59. Rf7 Re1+ 60. Kf6 Rf1+ 61.
Kg6 Rg1+ 62. Kh7 Rd8 63. Rc8+ Rxc8 64. bxc8=Q+ Kxc8 65.
g8=Q+ 1-0